Map: Apotheosis LE

Players

Ascarecrow - Winner!

  • Race: Zerg Zerg
  • League: Gold

qOrLrp

  • Race: Zerg Zerg
  • League: Platinum

VOD

Have the link to the VOD?

Description

Time

  • Played on: July 12, 2016, 2:39 a.m.
  • Length: 4:27
Show
View Real Time Build Order
Export as new Build Order

Ascarecrow Zerg - Winner!

Build Orders: Hatch First 

Get SALT Encoding   

  12  0:01  Drone  
  13  0:13  Overlord  
  13  0:18  Drone  
  14  0:31  Drone x2  
  14  0:35  Drone  
  17  0:50  Drone  
  18  0:58  Hatchery  
  18  0:59  Drone  
  18  1:02  Extractor  
  17  1:17  Drone, Spawning Pool  
  17  1:21  Drone  
  18  1:29  Drone  
  19  1:40  Overlord  
  19  1:51  Drone  
  20  2:07  Queen  
  22  2:11  Queen  
  22  2:13  Drone x3  
  27  2:16  Metabolic Boost  
  27  2:29  Baneling Nest  
  26  2:30  Zergling x2  
  26  2:31  Zergling x2  
  28  2:40  Zergling x2  
  28  2:41  Zergling x2  
  30  2:47  Zergling x4  
  32  2:57  Zergling x4  
  34  3:05  Overlord  
  34  3:11  Zergling x2  
  35  3:22  Zergling x2  
  35  3:23  Zergling x12  
  42  3:34  Zergling x4  
  43  3:35  Overlord  
  44  3:47  Hatchery  
  43  3:49  Baneling x6  
  43  3:50  Baneling  
  43  3:51  Zergling x2  
  43  4:05  Zergling x16  
Show
View Real Time Build Order
Export as new Build Order

qOrLrp Zerg 

Build Orders: Hatch First 

Get SALT Encoding   

  12  0:00  Drone  
  13  0:13  Overlord  
  13  0:17  Drone  
  14  0:31  Drone x2  
  14  0:35  Drone  
  17  0:52  Hatchery  
  17  0:57  Drone  
  17  0:58  Drone  
  18  1:11  Extractor  
  17  1:15  Spawning Pool  
  17  1:17  Drone  
  17  1:20  Drone  
  18  1:29  Drone  
  19  1:39  Overlord  
  19  2:02  Zergling x4  
  19  2:03  Queen  
  19  2:05  Drone, Queen  
  26  2:10  Metabolic Boost  
  26  2:12  Drone  
  27  2:16  Drone  
  28  2:23  Drone  
  30  2:30  Drone  
  30  2:38  Zergling x4  
  30  2:43  Overlord  
  32  2:51  Drone  
  32  2:54  Drone  
  34  3:02  Drone  
  35  3:14  Overlord  
  35  3:15  Drone  
  35  3:16  Drone x6  
  42  3:25  Zergling x4  
  44  3:28  Hatchery  
  43  3:36  Overlord  
  43  3:39  Zergling x2  
  43  3:40  Baneling Nest  
  43  3:43  Zergling x2  
  43  3:46  Zergling x8  
  43  3:48  Zergling x2  
  49  3:58  Zergling x6  
Tags
 
Add a new tag
Caveats
  • Supply blocks, unpowered buildings, or Contaminate may cause inaccurate times.
  • Supply counts are checked every 10 seconds.